ITL
MEMPHIS REDBIRDS @ WABA DUCKS
05/18/2030
 
TOP OF THE 1ST
Memphis Redbirds batting - Pitching for Waba Ducks : RHP Jorge Gómez
Pitching: RHP Jorge Gómez
Batting: RHB Stan Taylor 0-0: Ball
1-0: Swinging Strike
1-1: Ball
2-1: Ball
3-1: SINGLE (Line Drive, 8LS)
Batting: RHB José López 0-0: Fly out, F8 (Flyball, 8LM)
Batting: LHB Milo Powers 0-0: Swinging Strike
0-1: Ball
1-1: Ball
2-1: 2-RUN HOME RUN (Flyball, 7D), Distance : 367 ft
Batting: SHB Javier Peña 0-0: Called Strike
0-1: DOUBLE (Line Drive, 8RD)
Batting: RHB Desi Thompson 0-0: Called Strike
0-1: Foul Ball, location: 2F
0-2: Ball
1-2: Ball
2-2: Strikes out swinging
Batting: RHB Will Sterling 0-0: Ball
Wild Pitch!
Javier Peña to third
1-0: Ground out 4-3 (Groundball, 4M)
Top of the 1st over - 2 runs, 3 hits, 0 errors, 1 left on base; Memphis 2 - Waba 0
BOTTOM OF THE 1ST
Waba Ducks batting - Pitching for Memphis Redbirds : RHP Robinson Vásquez
Pitching: RHP Robinson Vásquez
Batting: RHB Raúl Bruno 0-0: Ground out 6-3 (Groundball, 6)
Batting: LHB Vincente Sáenz 0-0: Called Strike
0-1: Ball
1-1: Ground out 3-1 (Groundball, 3D)
Batting: RHB Jim Martin 0-0: DOUBLE (Line Drive, 7D)
Batting: RHB Juan Vareas 0-0: Foul Ball, location: 2F
0-1: Ball
1-1: Ball
2-1: Fly out, F6 (Line Drive, 6MD)
Bottom of the 1st over - 0 runs, 1 hit, 0 errors, 1 left on base; Memphis 2 - Waba 0
TOP OF THE 2ND
Memphis Redbirds batting - Pitching for Waba Ducks : RHP Jorge Gómez
Batting: LHB Dudley Cooper 0-0: SINGLE (Line Drive, 89M)
Batting: SHB José Cruz 0-0: Foul Ball, location: 2F
0-1: Foul Ball, location: 2F
0-2: Strikes out swinging
Batting: RHB Rusty Bennett 0-0: Ball
1-0: Foul Ball, location: 2F
1-1: Ball
2-1: Ball
3-1: Called Strike
3-2: Base on Balls
Dudley Cooper to second
Batting: RHB Stan Taylor 0-0: Ball
Passed Ball!
Dudley Cooper to third
Rusty Bennett to second
1-0: Foul Ball, location: 2F
1-1: Foul Ball, location: 2F
1-2: Ball
2-2: Foul Ball, location: 2F
2-2: Ball
3-2: SINGLE (Line Drive, 34)
Dudley Cooper scores
Rusty Bennett to third
Runner from 3rd tries for Home, SAFE, throw made home
Batting: RHB José López 0-0: Called Strike
0-1: Grounds into double play, 6-4-3 (Groundball, 6)
Top of the 2nd over - 2 runs, 2 hits, 0 errors, 0 left on base; Memphis 4 - Waba 0
BOTTOM OF THE 2ND
Waba Ducks batting - Pitching for Memphis Redbirds : RHP Robinson Vásquez
Batting: RHB António Venecia 0-0: Ball
1-0: Foul Ball, location: 2F
1-1: Ball
2-1: Called Strike
2-2: Foul Ball, location: 2F
2-2: Foul Ball, location: 2F
2-2: Foul Ball, location: 2F
2-2: Fly out, F9 (Flyball, 9S)
Batting: RHB Mario López 0-0: Ball
1-0: Ball
2-0: Called Strike
2-1: Ball
3-1: Foul Ball, location: 2F
3-2: Foul Ball, location: 2F
3-2: Strikes out looking
Batting: LHB Don Ramey 0-0: SINGLE (Flyball, 7LM)
Batting: RHB Ron Shelton 0-0: SINGLE (Line Drive, 5D)
Don Ramey to second
Batting: RHB Roy MacCluskie 0-0: Foul Ball, location: 2F
0-1: Swinging Strike
0-2: Ball
1-2: Ball
2-2: Foul Ball, location: 2F
2-2: Ground out U3 (Groundball, 3)
Bottom of the 2nd over - 0 runs, 2 hits, 0 errors, 2 left on base; Memphis 4 - Waba 0
TOP OF THE 3RD
Memphis Redbirds batting - Pitching for Waba Ducks : RHP Jorge Gómez
Batting: LHB Milo Powers 0-0: Called Strike
0-1: Ball
1-1: Called Strike
1-2: Ball
2-2: Strikes out swinging
Batting: SHB Javier Peña 0-0: Called Strike
0-1: Ball
1-1: Ball
2-1: Foul Ball, location: 2F
2-2: Ball
3-2: Foul Ball, location: 2F
3-2: SINGLE (Groundball, 56D)
Batting: RHB Desi Thompson 0-0: Ball
1-0: Foul Ball, location: 2F
1-1: Called Strike
1-2: Ball
2-2: Foul Ball, location: 2F
2-2: Ball
3-2: Fly out, F8 (Flyball, 8RM)
Batting: RHB Will Sterling 0-0: Called Strike
Javier Peña steals 2nd base
0-1: Ball
1-1: Ball
2-1: Ground out 5-3 (Groundball, 56S)
Top of the 3rd over - 0 runs, 1 hit, 0 errors, 1 left on base; Memphis 4 - Waba 0
BOTTOM OF THE 3RD
Waba Ducks batting - Pitching for Memphis Redbirds : RHP Robinson Vásquez
Batting: RHB Raúl Bruno 0-0: Foul Ball, location: 2F
0-1: Swinging Strike
0-2: Ball
1-2: Strikes out swinging
Batting: LHB Vincente Sáenz 0-0: Called Strike
0-1: Foul Ball, location: 2F
0-2: Ground out 6-3 (Groundball, 6D)
Batting: RHB Jim Martin 0-0: Called Strike
0-1: DOUBLE (Line Drive, 7LD)
Batting: RHB Juan Vareas 0-0: Ball
1-0: Ball
2-0: Ball
3-0: Base on Balls
Batting: RHB António Venecia 0-0: Called Strike
0-1: Ball
1-1: Foul Ball, location: 2F
1-2: Ball
2-2: Fielders Choice at 2nd, 6-4 (Groundball, 6)
Bottom of the 3rd over - 0 runs, 1 hit, 0 errors, 2 left on base; Memphis 4 - Waba 0
TOP OF THE 4TH
Memphis Redbirds batting - Pitching for Waba Ducks : RHP Jorge Gómez
Batting: LHB Dudley Cooper 0-0: Fly out, F9 (Flyball, 89D)
Batting: SHB José Cruz 0-0: Ball
1-0: Ball
2-0: Ball
3-0: Called Strike
3-1: Called Strike
3-2: Foul Ball, location: 2F
3-2: Strikes out looking
Batting: RHB Rusty Bennett 0-0: Ground out 6-3 (Groundball, 4MS)
Top of the 4th over - 0 runs, 0 hits, 0 errors, 0 left on base; Memphis 4 - Waba 0
BOTTOM OF THE 4TH
Waba Ducks batting - Pitching for Memphis Redbirds : RHP Robinson Vásquez
Batting: RHB Mario López 0-0: Called Strike
0-1: Swinging Strike
0-2: Ball
1-2: Ball
2-2: Ball
3-2: Base on Balls
Batting: LHB Don Ramey 0-0: Ball
1-0: Ball
2-0: Ball
3-0: Base on Balls
Mario López to second
Batting: RHB Ron Shelton 0-0: Ball
1-0: Called Strike
1-1: Ball
2-1: Foul Ball, location: 2F
2-2: Ball
3-2: Strikes out swinging
Mario López steals 3rd base
Batter strikes out.
Don Ramey to second
Batting: RHB Roy MacCluskie 0-0: Called Strike
0-1: Swinging Strike
0-2: Foul Ball, location: 2F
0-2: Strikes out swinging
Batting: RHB Raúl Bruno 0-0: Ball
1-0: Foul Ball, location: 2F
1-1: Foul Ball, location: 2F
1-2: 3-RUN HOME RUN (Line Drive, 7D), Distance : 354 ft
Batting: LHB Vincente Sáenz 0-0: Foul Ball, location: 2F
0-1: Foul Ball, location: 2F
0-2: Ball
1-2: Ball
2-2: Foul Ball, location: 2F
2-2: Foul Ball, location: 2F
2-2: Ball
3-2: SINGLE (Line Drive, 9S)
Batting: RHB Jim Martin 0-0: Ball
1-0: Ball
2-0: Called Strike
2-1: Ball
3-1: Base on Balls
Vincente Sáenz to second
Batting: RHB Juan Vareas 0-0: Ball
1-0: SINGLE (Line Drive, 6D)
Vincente Sáenz to third
Jim Martin to second
Batting: RHB António Venecia 0-0: Ball
1-0: Called Strike
1-1: DOUBLE (Flyball, 89D)
Vincente Sáenz scores
Jim Martin scores
Juan Vareas to third
Pitching: RHP Javier Pacheco
Batting: RHB Mario López 0-0: Called Strike
0-1: Ball
1-1: Ball
2-1: Ball
3-1: Foul Ball, location: 2F
3-2: SINGLE (Groundball, 34D)
Juan Vareas scores
António Venecia to third
António Venecia scores
Batting: LHB Don Ramey 0-0: Called Strike
0-1: SINGLE (Flyball, 7S)
Mario López to second
Batting: RHB Ron Shelton 0-0: Foul Ball, location: 2F
0-1: Ball
1-1: Called Strike
1-2: Strikes out swinging
Bottom of the 4th over - 7 runs, 6 hits, 0 errors, 2 left on base; Memphis 4 - Waba 7
TOP OF THE 5TH
Memphis Redbirds batting - Pitching for Waba Ducks : RHP Jorge Gómez
Batting: RHB Stan Taylor 0-0: Foul Ball, location: 2F
0-1: Ball
1-1: SINGLE (Line Drive, 7S)
Batting: RHB José López 0-0: Called Strike
0-1: Ball
1-1: Ball
2-1: Swinging Strike
2-2: Foul Ball, location: 2F
2-2: Fielders Choice at 2nd, 6-4 (Groundball, 6)
Batting: LHB Milo Powers 0-0: Ball
1-0: Ball
2-0: Swinging Strike
2-1: Foul Ball, location: 2F
2-2: Ball
3-2: Fly out, F7 (Line Drive, 7)
Batting: SHB Javier Peña 0-0: Ball
Throwing error on steal attempt, E2
José López to third
1-0: Ball
2-0: Ball
3-0: Called Strike
3-1: Fly out, F4 (Popup, 4D)
Top of the 5th over - 0 runs, 1 hit, 1 error, 1 left on base; Memphis 4 - Waba 7
BOTTOM OF THE 5TH
Waba Ducks batting - Pitching for Memphis Redbirds : RHP Javier Pacheco
Batting: RHB Roy MacCluskie 0-0: Ball
1-0: Called Strike
1-1: Foul Ball, location: 2F
1-2: Ball
2-2: Ground out 4-3 (Groundball, 4)
Batting: RHB Raúl Bruno 0-0: Called Strike
0-1: SINGLE (Groundball, 56D)
Batting: LHB Vincente Sáenz 0-0: Ball
1-0: Called Strike
1-1: Ball
2-1: Ball
3-1: SINGLE (Line Drive, 56D)
Raúl Bruno to second
Batting: RHB Jim Martin 0-0: Called Strike
0-1: Called Strike
0-2: SINGLE (Line Drive, 34D)
Raúl Bruno to third
Vincente Sáenz to second
Runner from 3rd tries for Home, SAFE, throw made home
Batting: RHB Juan Vareas 0-0: Ball
1-0: Ball
2-0: Called Strike
2-1: Foul Ball, location: 2F
2-2: Strikes out swinging
Batting: RHB António Venecia 0-0: Ball
1-0: Ball
2-0: Called Strike
2-1: Swinging Strike
2-2: Strikes out looking
Bottom of the 5th over - 1 run, 3 hits, 0 errors, 2 left on base; Memphis 4 - Waba 8
TOP OF THE 6TH
Memphis Redbirds batting - Pitching for Waba Ducks : RHP Jorge Gómez
Batting: RHB Desi Thompson 0-0: Fly out, F7 (Flyball, 78XD)
Batting: RHB Will Sterling 0-0: Ball
1-0: Called Strike
1-1: Ball
2-1: Ground out 4-3 (Groundball, 4S)
Batting: LHB Dudley Cooper 0-0: Ball
1-0: Ball
2-0: Swinging Strike
2-1: Swinging Strike
2-2: Ball
3-2: Foul Ball, location: 2F
3-2: Foul Ball, location: 2F
3-2: Base on Balls
Pitching: LHP Martin Balsano
Batting: SHB José Cruz 0-0: Ball
1-0: Called Strike
1-1: Foul Ball, location: 2F
1-2: Fly out, F5 (Popup, 5S)
Top of the 6th over - 0 runs, 0 hits, 0 errors, 1 left on base; Memphis 4 - Waba 8
BOTTOM OF THE 6TH
Waba Ducks batting - Pitching for Memphis Redbirds : RHP Javier Pacheco
Batting: RHB Mario López 0-0: Called Strike
0-1: Ball
1-1: Ground out 5-3 (Groundball, 5)
Batting: LHB Don Ramey 0-0: Ground out 4-3 (Groundball, 4)
Batting: RHB Ron Shelton 0-0: Fly out, F4 (Line Drive, 4M)
Bottom of the 6th over - 0 runs, 0 hits, 0 errors, 0 left on base; Memphis 4 - Waba 8
TOP OF THE 7TH
Memphis Redbirds batting - Pitching for Waba Ducks : LHP Martin Balsano
Batting: RHB Rusty Bennett 0-0: Fly out, F9 (Flyball, 89M)
Batting: RHB Stan Taylor 0-0: Ball
1-0: SINGLE (Line Drive, 89S)
Batting: RHB José López 0-0: Called Strike
0-1: Foul Ball, location: 2F
0-2: Strikes out swinging
Stan Taylor steals 2nd base
Batter strikes out.
Batting: LHB Milo Powers 0-0: Ball
1-0: DOUBLE (Line Drive, 9LM)
Stan Taylor scores
Batting: SHB Javier Peña 0-0: Called Strike
0-1: SINGLE (Groundball, 56D)
Milo Powers to third
Runner from 3rd tries for Home, SAFE, no throw
Pitching: RHP John Dickson
Batting: RHB Desi Thompson 0-0: Foul Ball, location: 2F
0-1: Ball
1-1: Ground out 4-3 (Groundball, 4)
Top of the 7th over - 2 runs, 3 hits, 0 errors, 1 left on base; Memphis 6 - Waba 8
BOTTOM OF THE 7TH
Waba Ducks batting - Pitching for Memphis Redbirds : RHP Javier Pacheco
Batting: RHB Roy MacCluskie 0-0: Ball
1-0: Ball
2-0: Ball
3-0: Called Strike
3-1: Foul Ball, location: 2F
3-2: SINGLE (Groundball, 6MS) (infield hit)
Batting: RHB Raúl Bruno 0-0: Bunted foul
0-1: Bunted foul
0-2: Fly out, F9 (Flyball, 9S)
Batting: LHB Vincente Sáenz 0-0: Ball
1-0: Fly out, F8 (Flyball, 8LXD)
Batting: RHB Jim Martin 0-0: Swinging Strike
0-1: Swinging Strike
0-2: Strikes out looking
Bottom of the 7th over - 0 runs, 1 hit, 0 errors, 1 left on base; Memphis 6 - Waba 8
TOP OF THE 8TH
Memphis Redbirds batting - Pitching for Waba Ducks : RHP John Dickson
Batting: RHB Will Sterling 0-0: Ball
1-0: Fly out, F5 (Flyball, 5D)
Batting: LHB Dudley Cooper 0-0: Ball
1-0: Ball
2-0: Called Strike
2-1: Foul Ball, location: 2F
2-2: Strikes out swinging
Batting: SHB José Cruz 0-0: Called Strike
0-1: Swinging Strike
0-2: Ball
1-2: Strikes out swinging
Top of the 8th over - 0 runs, 0 hits, 0 errors, 0 left on base; Memphis 6 - Waba 8
BOTTOM OF THE 8TH
Waba Ducks batting - Pitching for Memphis Redbirds : RHP Javier Pacheco
Pitching: RHP Álex Villegas
Batting: RHB Juan Vareas 0-0: Ball
1-0: Fly out, F9 (Flyball, 89S)
Batting: RHB António Venecia 0-0: Ball
1-0: Ball
2-0: Foul Ball, location: 2F
2-1: Ball
3-1: Foul Ball, location: 2F
3-2: Foul Ball, location: 2F
3-2: Base on Balls
Batting: RHB Mario López 0-0: Ball
1-0: Foul Ball, location: 2F
1-1: Ball
2-1: Grounds into double play, 6-4-3 (Groundball, 6)
Bottom of the 8th over - 0 runs, 0 hits, 0 errors, 0 left on base; Memphis 6 - Waba 8
TOP OF THE 9TH
Memphis Redbirds batting - Pitching for Waba Ducks : RHP John Dickson
Batting: RHB Rusty Bennett 0-0: Called Strike
0-1: Foul Ball, location: 2F
0-2: Foul Ball, location: 2F
0-2: Ball
1-2: Ball
2-2: Strikes out looking
Batting: RHB Stan Taylor 0-0: Called Strike
0-1: Ball
1-1: Ground out 6-3 (Groundball, 6)
Batting: RHB José López 0-0: Called Strike
0-1: Fly out, F8 (Flyball, 8LD)
Top of the 9th over - 0 runs, 0 hits, 0 errors, 0 left on base; Memphis 6 - Waba 8
Saturday, April 7th, 2018 - OOTP Baseball 18.8 Build 76